 Dungeon Crawl Stone Soup version 0.20.1-1-g8b1a95d (webtiles) character file.

36685 froobite the Carver (level 13, -1/116 HPs)
             Began as a Minotaur Berserker on Aug 4, 2017.
             Was a High Priest of Trog.
             Killed from afar by a three-headed hydra (2 damage)
             ... with an exploding inner flame
             ... hexed by the player character
             ... on level 15 of the Dungeon.
             The game lasted 00:51:31 (12644 turns).

froobite the Carver (Minotaur Berserker)           Turns: 12644, Time: 00:51:33

Health: -1/116     AC: 17    Str: 24    XL:     13   Next: 54%
Magic:  13/13      EV: 15    Int:  9    God:    Trog [*****.]
Gold:   769        SH: 14    Dex:  8    Spells: 12/12 levels left

rFire    + + .     SeeInvis .   A - +5 falchion (flame)
rCold    . . .     Gourm    .   o - +1 shield
rNeg     . . .     Faith    .   t - +5 ring mail of Rakhis Coant {rPois rCorr Dex-5 Slay+5}
rPois    +         Spirit   .   g - +2 hat
rElec    .         Reflect  .   C - scarf {rC+ rF+}
rCorr    +         Harm     .   T - +2 pair of gloves
MR       ++...                  (no boots)
Stlth    +.........             l - amulet of rage
Regen    1.3/turn               w - +5 ring of intelligence
MPRegen  0.2/turn               X - ring of fire

@: berserk cooldown, regenerating
A: retaliatory headbutt, horns 2
a: Berserk, Trog's Hand, Brothers in Arms, Burn Spellbooks, Renounce Religion,
Evoke Berserk Rage


You were on level 15 of the Dungeon.
You worshipped Trog.
Trog was extremely pleased with you.
You were not hungry.

You visited 1 branch of the dungeon, and saw 15 of its levels.
You also visited: Sewer and Ice Cave.

You collected 902 gold pieces.
You spent 133 gold pieces at shops.

Inventory:

Hand Weapons
 x - a +3 vampiric scimitar
 A - a +5 falchion of flaming (weapon)
Missiles
 p - 5 tomahawks (quivered)
 G - 2 poisoned javelins
Armour
 g - a +2 hat (worn)
 o - a +1 shield (worn)
 t - the +5 ring mail of Rakhis Coant (worn) {rPois rCorr Dex-5 Slay+5}
   (You found it on level 4 of the Dungeon)

   It affects your dexterity (-5).
   It affects your accuracy and damage with ranged weapons and melee attacks
   (+5).
   It protects you from poison.
   It protects you from acid and corrosion.
 v - a +1 pair of gloves
 C - a scarf of resistance (worn)
 S - a +1 hat of magic resistance
 T - a +2 pair of gloves (worn)
Jewellery
 l - an amulet of rage (around neck)
 s - an uncursed ring of magical power
 w - a +5 ring of intelligence (left hand)
 L - a +1 ring of evasion
 X - a ring of fire (right hand)
Wands
 a - a wand of lightning (0/15)
 n - a wand of digging (11/24)
 z - a wand of flame (48/48)
 M - a wand of paralysis (15/24)
 N - a wand of iceblast (12/15)
 R - a wand of digging (13/24)
 U - a wand of disintegration (0/24)
 W - a wand of disintegration (5/24)
Scrolls
 i - 7 scrolls of teleportation
 k - 6 scrolls of remove curse
 m - a scroll of vulnerability {unknown}
 r - a scroll of torment {unknown}
 y - 4 scrolls of fear
 H - 2 scrolls of recharging
 I - 3 scrolls of magic mapping
Potions
 d - 4 potions of agility
 e - 2 potions of magic
 h - 6 potions of mutation
 u - 2 potions of lignification
 D - 2 potions of invisibility {unknown}
 E - 3 potions of curing
 F - 4 potions of brilliance
 J - 4 potions of heal wounds
 K - a potion of might
 O - 3 potions of haste
 V - a potion of flight {unknown}
Miscellaneous
 Y - a crystal ball of energy
Comestibles
 c - 3 bread rations
 f - 11 fruits
 j - 5 meat rations
 Q - 6 royal jellies


   Skills:
 + Level 11.3 Fighting
   Level 2.6(8.7) Short Blades
 + Level 13.6(13.7) Long Blades
   Level 7.0 Axes
 + Level 3.2 Throwing
 + Level 9.4 Armour
 + Level 10.1 Dodging
 + Level 2.6 Stealth
 + Level 13.6 Shields
 + Level 2.2 Evocations


You had 12 spell levels left.
You didn't know any spells.

Dungeon Overview and Level Annotations

Branches:
Dungeon (15/15)            Temple (0/1) D:6            Lair (0/6) D:10
    Orc (0/2) D:10         Vaults (0/5) D:14         Depths (0/5) D:15

Altars:
Fedhas
Sif Muna

Shops:
D:5 ?   D:9 *   D:10 *


Innate Abilities, Weirdness & Mutations

You reflexively headbutt those who attack you in melee.
You have a pair of horns on your head.


Message History

Rupert hits you with a triple sword of holy wrath!
* * * LOW HITPOINT WARNING * * *
You hit Rupert. You burn Rupert. You headbutt Rupert!
Rupert is almost dead.
The three-headed hydra bites you but does no damage.
The three-headed hydra bites you.
* * * LOW HITPOINT WARNING * * *
You block the three-headed hydra's attack.
You slash Rupert! You burn Rupert. Your headbutt misses Rupert.
Rupert is almost dead.
Rupert closely misses you.
You riposte.
You slash Rupert! You burn Rupert.
Rupert is almost dead.
You slash Rupert! You burn Rupert.
Rupert explodes!
The fiery explosion engulfs you! You resist.
* * * LOW HITPOINT WARNING * * *
The fiery explosion engulfs the three-headed hydra.
The three-headed hydra explodes!
The fiery explosion engulfs you! You resist.
You die...

..# ÷.# ....$ #....#
÷.# ..... #(...# .)#
.... #....####### ..#
... #..........#
..######.##..........#
..............§§§....#
#######.......§§§...#
#.......§§@...#
#.......§§§...#
#))...........#
#))...###.....#
#)##### #....... ...#
#.......# .....#
##......# ####..#
#......# #..#


There were no monsters in sight!

Vanquished Creatures
  Gastronok (D:10)
  A fire giant (D:15)
  A yaktaur captain (D:14)
  Erolcha (D:10)
  Harold (D:10)
  An ogre mage (D:15)
  11 two-headed ogres
  Sonja (D:10)
  The ghost of megamataman the Fighter, a novice MiFi of Yredelemnul (D:7)
  3 unseen horrors
  A wizard (D:14)
  The ghost of Rhok the Basher, a novice MiFi (D:6)
  A wolf spider zombie (D:13)
  A cyclops (D:14)
  2 deep elf magi
  4 ugly things
  A manticore (D:12)
  3 centaur zombies
  3 rime drakes (D:11)
  A komodo dragon (D:14)
  2 centaur skeletons
  An efreet (D:14)
  A kobold demonologist (D:12)
  2 trolls
  2 yaktaurs (D:14)
  A polar bear (D:11)
  A meliai zombie (D:13)
  A raiju (shapeshifter) (D:13)
  8 slime creatures (D:13)
  5 hippogriffs
  3 yaks (D:11)
  Sigmund (D:5)
  3 wraiths (D:13)
  A wyvern (D:12)
  A basilisk (D:14)
  4 hungry ghosts
  2 soldier ants (D:12)
  4 porcupines (D:10)
  3 sky beasts
  7 ice beasts
  6 orc warriors
  4 black bears
  2 hornet zombies
  3 phantoms
  2 eyes of draining
  A wolf (D:11)
  14 ogres
  3 centaurs
  A crocodile (D:7)
  Blork the orc (D:5)
  11 bullfrogs
  7 scorpions
  A water moccasin skeleton (D:12)
  9 killer bees
  4 wights
  5 howler monkeys
  2 bullfrog zombies
  5 crimson imps
  3 jellies
  3 quasits
  5 orc priests
  5 hounds
  4 bullfrog skeletons
  3 iguanas
  18 orc wizards
  9 worker ants
  A hound zombie (D:8)
  2 hound skeletons
  A howler monkey zombie (D:9)
  3 gnolls (D:7)
  14 adders
  5 river rats (Sewer)
  2 shadow imps
  An ooze (D:3)
  2 worms
  6 leopard geckos
  71 orcs
  8 giant cockroaches
  11 goblins
  7 hobgoblins
  5 jackals
  5 kobolds
  3 quokkas
  14 ball pythons
  5 bats
  5 frilled lizards
  A leopard gecko skeleton (D:4)
  27 rats
423 creatures vanquished.

Vanquished Creatures (others)
  7 fungi (D:10)
7 creatures vanquished.

Grand Total: 430 creatures vanquished

Notes
Turn   | Place    | Note
-------+----------+-------------------------------------------
     0 | D:1      | froobite the Minotaur Berserker began the quest for the Orb.
     0 | D:1      | Reached XP level 1. HP: 19/19 MP: 0/0
   157 | D:1      | Reached XP level 2. HP: 17/27 MP: 1/1
   611 | D:2      | Reached ** piety under Trog
   619 | D:2      | Found a blossoming altar of Fedhas.
   767 | D:2      | Reached XP level 3. HP: 33/33 MP: 2/2
  1644 | D:3      | Reached XP level 4. HP: 27/41 MP: 3/3
  1902 | D:4      | Noticed an ogre
  1905 | D:4      | Reached skill level 5 in Axes
  1905 | D:4      | Reached skill level 1 in Shields
  1908 | D:4      | Killed an ogre
  1908 | D:4      | Reached skill level 5 in Fighting
  1908 | D:4      | Reached XP level 5. HP: 48/48 MP: 4/4
  1992 | D:4      | Noticed a phantom
  2033 | D:4      | Killed a phantom
  2033 | D:4      | Reached *** piety under Trog
  2033 | D:4      | Reached XP level 6. HP: 33/56 MP: 5/5
  2432 | D:4      | Got a crude ring mail
  2444 | D:4      | Identified the +5 ring mail of Rakhis Coant {rPois rCorr Dex-5 Slay+5} (You found it on level 4 of the Dungeon)
  2626 | D:5      | Entered Level 5 of the Dungeon
  2627 | D:5      | Found a deep blue altar of Sif Muna.
  2638 | D:5      | Noticed Blork the orc
  2647 | D:5      | Killed Blork the orc
  2676 | D:5      | Reached XP level 7. HP: 61/61 MP: 6/6
  2742 | D:5      | Noticed Sigmund
  2749 | D:5      | Killed Sigmund
  2790 | D:5      | Reached skill level 1 in Short Blades
  3188 | D:5      | Found Pephofoli's Magic Scroll Shop.
  3203 | D:5      | Bought a scroll of enchant armour for 105 gold pieces
  3203 | D:5      | Bought a scroll of identify for 28 gold pieces
  3410 | D:5      | Reached skill level 1 in Long Blades
  3599 | D:6      | Found a staircase to the Ecumenical Temple.
  3642 | D:6      | Noticed Rhok's ghost (novice MiFi)
  3661 | D:6      | Killed Rhok's ghost
  3661 | D:6      | Reached skill level 5 in Armour
  3661 | D:6      | Reached skill level 1 in Stealth
  3661 | D:6      | Reached XP level 8. HP: 27/70 MP: 7/7
  3891 | D:5      | Reached skill level 5 in Shields
  4094 | D:6      | Found a glowing drain.
  4121 | Sewer    | Entered a sewer
  4354 | Sewer    | Reached **** piety under Trog
  4504 | D:7      | Noticed megamataman's ghost (novice MiFi)
  4529 | D:7      | Killed megamataman's ghost
  4529 | D:7      | Reached skill level 5 in Long Blades
  4529 | D:7      | Reached XP level 9. HP: 66/78 MP: 8/8
  4749 | D:7      | Reached skill level 5 in Dodging
  5098 | D:8      | Received a gift from Trog
  5613 | D:8      | Noticed a two-headed ogre
  5624 | D:8      | Killed a two-headed ogre
  5624 | D:8      | Reached XP level 10. HP: 18/86 MP: 9/9
  5979 | D:9      | Noticed a two-headed ogre
  5985 | D:9      | Killed a two-headed ogre
  6165 | D:9      | Noticed a two-headed ogre
  6169 | D:9      | Reached ***** piety under Trog
  6175 | D:9      | Killed a two-headed ogre
  6350 | D:9      | Noticed a white ugly thing
  6360 | D:9      | Killed a white ugly thing
  6462 | D:9      | Found Ytuge's Demolitions Depot.
  6503 | D:9      | Noticed a two-headed ogre
  6513 | D:9      | Killed a two-headed ogre
  6513 | D:9      | Reached skill level 10 in Long Blades
  6574 | D:9      | Reached XP level 11. HP: 89/94 MP: 10/10
  6926 | D:10     | Entered Level 10 of the Dungeon
  6958 | D:10     | Noticed Erolcha
  6965 | D:10     | Killed Erolcha
  7031 | D:10     | Noticed Gastronok
  7043 | D:10     | Killed Gastronok
  7043 | D:10     | Reached skill level 10 in Shields
  7172 | D:10     | Found a staircase to the Orcish Mines.
  7191 | D:10     | Noticed Sonja
  7198 | D:10     | Received a gift from Trog
  7331 | D:10     | Noticed a two-headed ogre
  7332 | D:10     | Noticed Harold
  7561 | D:10     | Found a staircase to the Lair.
  7645 | D:10     | Killed Sonja
  8149 | D:10     | Killed a two-headed ogre
  8213 | D:10     | Found Yfac's Assorted Antiques.
  8654 | D:10     | Killed Harold
  8654 | D:10     | Reached skill level 1 in Throwing
  8793 | D:11     | Killed an unseen horror
  8793 | D:11     | Reached skill level 1 in Evocations
  8876 | D:11     | Found a frozen archway.
  8905 | D:11     | Reached XP level 12. HP: 104/104 MP: 11/11
  8927 | IceCv    | Entered an ice cave
  9428 | D:11     | You fall through a shaft!
  9963 | D:12     | Noticed a two-headed ogre
  9968 | D:12     | Killed a two-headed ogre
  9978 | D:12     | Reached skill level 10 in Fighting
 10045 | D:12     | Received a gift from Trog
 10420 | D:13     | Noticed a two-headed ogre
 10429 | D:13     | Killed a two-headed ogre
 11071 | D:13     | Reached XP level 13. HP: 95/115 MP: 12/12
 11864 | D:14     | Found a gate to the Vaults.
 12097 | D:15     | Entered Level 15 of the Dungeon
 12097 | D:15     | Found a staircase to the Depths.
 12097 | D:15     | Noticed a fire giant
 12130 | D:15     | Killed a fire giant
 12143 | D:15     | Received a gift from Trog
 12156 | D:15     | Reached skill level 10 in Dodging
 12616 | D:15     | Noticed Rupert
 12617 | D:15     | Paralysed by Rupert for 7 turns
 12644 | D:15     | Killed Rupert
 12644 | D:15     | HP: 1/116 [Rupert/exploding inner flame[the player character] (7)]
 12644 | D:15     | Killed from afar by a three-headed hydra

Skill      XL: |  1  2  3  4  5  6  7  8  9 10 11 12 13 |
---------------+----------------------------------------+-----
Axes           | 4 5 6 7 |  7.0
Fighting       | 4 5 6 7 8 9 10 11 | 11.3
Shields        | 1 2 3 4 6 8 9 11 12 13 | 13.6
Armour         | 3 5 6 7 8 9 |  9.4
Dodging        | 3 4 5 7 8 9 10 | 10.1
Short Blades   | 2 |  2.6
Long Blades    | 2 5 7 10 11 13 | 13.6
Stealth        | 1 2 |  2.6
Throwing       | 1 2 3 |  3.2
Evocations     | 1 2 |  2.2

Action                   |  1- 3 |  4- 6 |  7- 9 | 10-12 | 13-15 || total
-------------------------+-------+-------+-------+-------+-------++-------
Melee: Hand axe          |    86 |    60 |       |       |       ||   146
       Headbutt          |    17 |    15 |    38 |   106 |    37 ||   213
       Dagger            |       |    18 |    32 |       |       ||    50
       Falchion          |       |       |   230 |   499 |   128 ||   857
Throw: Tomahawk          |       |       |     1 |    14 |    12 ||    27
       Javelin           |       |       |       |       |     2 ||     2
Invok: Berserk           |     2 |     2 |     3 |     6 |     3 ||    16
       Trog's Hand       |       |       |       |     1 |     1 ||     2
Evoke: Wand              |       |       |     2 |     4 |    11 ||    17
  Use: Scroll            |     2 |     7 |    12 |     8 |     5 ||    34
       Potion            |       |       |       |     1 |     8 ||     9
  Eat: Chunk             |     3 |     5 |     7 |     4 |       ||    19
       Bread ration      |       |       |     2 |     5 |     2 ||     9
Armor: Animal skin       |     8 |       |       |       |       ||     8
       Leather armour    |    17 |       |       |       |       ||    17
       Ring mail         |    12 |    23 |    88 |   201 |    47 ||   371
Dodge: Dodged            |    32 |    32 |   106 |   228 |    67 ||   465
Block: Shield            |    21 |    31 |   151 |   336 |   101 ||   640
       Rpst.: Falchion   |       |       |    21 |    48 |    15 ||    84
